 Dungeon Crawl Stone Soup version 0.27-a0-1281-ge233d83751 (webtiles) character file.

Game seed: 12629521414046539220

5006 mandarbmax the Nimble (level 10, -4/96 HPs)
             Began as a Merfolk Transmuter on June 13, 2021.
             Was a Priest of Cheibriados.
             Killed from afar by an electric eel (14 damage)
             ... with a bolt of electricity
             ... on level 9 of the Dungeon.
             The game lasted 00:20:13 (11838 turns).

mandarbmax the Nimble (Merfolk Transmuter)         Turns: 11838, Time: 00:20:14

Health: -4/96      AC:  7    Str: 18    XL:     10   Next: 54%
Magic:  11/13      EV: 18    Int: 22    God:    Cheibriados [***...]
Gold:   482        SH:  5    Dex: 25    Spells: 2/13 levels left

rFire    x . .     SeeInvis .     - Unarmed
rCold    + + +     Faith    .   (shield currently unavailable)
rNeg     . . .     Spirit   .   (armour currently unavailable)
rPois    +         Reflect  +   (helmet currently unavailable)
rElec    .         Harm     .   (cloak currently unavailable)
rCorr    .         Rampage  .   (gloves currently unavailable)
Will     .....                  (boots currently unavailable)
Stlth    ++........             p - amulet of reflection
HPRegen  0.26/turn              (no ring)
MPRegen  0.13/turn              (no ring)

@: ice-form, very slow
A: freezing attack, boosted hp, large, (nimble swimmer 2), (mertail)
a: End Transformation, Renounce Religion, Bend Time, Temporal Distortion


You were on level 9 of the Dungeon.
You worshipped Cheibriados.
Cheibriados was most pleased with you.
You were a creature of crystalline ice.
You visited 2 branches of the dungeon, and saw 10 of its levels.

You collected 624 gold pieces.
You spent 142 gold pieces at shops.

Inventory:

Missiles
 m - 2 throwing nets
Armour
 a - a +0 robe (melded)
 c - a +2 helmet (melded)
 d - a +0 pair of gloves (melded)
 l - a +0 troll leather armour
 q - the +2 ring mail of the Beggar {Str+4}
   (You found it on level 7 of the Dungeon)

   It affects your strength (+4).
Jewellery
 p - an amulet of reflection (around neck)
Wands
 n - a wand of polymorph (7)
 t - a wand of paralysis (5)
 u - a wand of iceblast (7)
Scrolls
 e - 2 scrolls of enchant armour
 f - a scroll of magic mapping
 g - 5 scrolls of teleportation
 h - a scroll of torment
 i - 4 scrolls of vulnerability
 k - a scroll of enchant weapon
 r - a scroll of immolation
Potions
 b - a potion of cancellation {unknown}
 j - a potion of attraction
 o - a potion of lignification
 s - a potion of mutation {unknown}


   Skills:
 + Level 7.8 Fighting
 + Level 9.9 Dodging
 + Level 9.9 Unarmed Combat
 - Level 2.0 Spellcasting
 - Level 9.0 Transmutations
 - Level 4.0 Poison Magic


You had 2 spell levels left.
You knew the following spells:

 Your Spells              Type           Power      Damage    Failure   Level
a - Beastly Appendage     Tmut           82%        N/A       1%          1
b - Wereblood             Tmut           41%        N/A       1%          2
c - Spider Form           Tmut/Pois      15%        N/A       2%          3
d - Ice Form              Ice/Tmut       22%        N/A       22%         4
z - Animate Skeleton      Necr           4%         N/A       14%         1

Your spell library contained the following spells:

 Spells                   Type           Power      Damage    Failure   Level
 Apportation              Tloc           4%         N/A       14%         1
 Corona                   Hex            2%         N/A       14%         1
 Summon Small Mammal      Summ           8%         N/A       14%         1


Dungeon Overview and Level Annotations

Branches:
Dungeon (9/15)             Temple (1/1) D:4            Lair (0/6) D:8
    Orc: D:9-12

Altars:
Cheibriados
Dithmenos
Elyvilon
Fedhas
Gozag
Hepliaklqana
Kikubaaqudgha
Makhleb
Nemelex Xobeh
Okawaru
Sif Muna
Trog
Uskayaw
Vehumet
Wu Jian
Xom
Zin
The Shining One

Shops:
D:7 ?

Annotations:
D:7 1 runed translucent door, Crazy Yiuf


Innate Abilities, Weirdness & Mutations

You are a creature of crystalline ice.
You have a powerful freezing melee attack.
Your maximum health is increased.
Your armour is entirely melded.
You are incapable of wielding weapons or throwing items.
((You are quick and stealthy near water. (Stealth+, EV+, Speed+++)))
((Your lower body shifts to a powerful aquatic tail in water.))


Message History

You closely miss the electric eel.
The electric eel seems less drained.
The electric eel shoots out a bolt of lightning at you!
The bolt of electricity misses you.
Unknown command.
You barely miss the electric eel.
A gnoll comes into view. It is wielding a +0 halberd.
You barely miss the electric eel. You punch the electric eel!
The electric eel seems to slow down.
You freeze the electric eel.
The electric eel is heavily wounded.
The electric eel shoots out a bolt of lightning at you!
The bolt of electricity hits the electric eel.
The electric eel completely resists.
The bolt of electricity hits the electric eel.
The electric eel completely resists.
The bolt of electricity hits you!
The electric eel shoots out a bolt of lightning at you!
The bolt of electricity misses you.
You barely miss the electric eel.
The electric eel is heavily wounded.
The electric eel shoots out a bolt of lightning at you!
The bolt of electricity hits the electric eel.
The electric eel completely resists.
The bolt of electricity hits you!
The electric eel shoots out a bolt of lightning at you!
The bolt of electricity hits the electric eel.
The electric eel completely resists.
The bolt of electricity hits the electric eel.
The electric eel completely resists.
The bolt of electricity misses you.
The electric eel shoots out a bolt of lightning at you!
The bolt of electricity misses the electric eel.
The bolt of electricity hits you!
* * * LOW HITPOINT WARNING * * *
The electric eel shoots out a bolt of lightning at you!
The bolt of electricity hits the electric eel.
The electric eel completely resists.
The bolt of electricity hits you!
* * * LOW HITPOINT WARNING * * *
The electric eel is no longer moving slowly.
The electric eel shoots out a bolt of lightning at you!
The bolt of electricity misses the electric eel.
The bolt of electricity hits you!
You die...

############
#..........##
............####
.......Y.......#.
.####......##....
#.........#
####;≈..###
#≈;≈..#
≈≈≈;.......
#≈≈≈≈≈≈.≈....
###≈≈≈≈......
##≈≈≈≈≈....


You could see 3 electric eels.

Vanquished Creatures
  A two-headed ogre (D:8)
  A black mamba (D:8)
  Joseph (D:7)
  Psyche (D:8)
  A steam dragon (D:7)
  Menkaure (D:4)
  An ice beast (D:5)
  A hornet zombie (D:6)
  2 black bears
  3 wolves (D:8)
  2 ogres
  2 sky beasts
  A centaur (D:7)
  2 phantoms (D:4)
  A kobold brigand (D:8)
  A bullfrog (D:8)
  A wyvern zombie (D:7)
  6 killer bees (D:8)
  9 wights (D:8)
  2 howler monkeys
  5 electric eels (D:8)
  2 centaur zombies
  2 centaur skeletons
  5 hounds
  2 jellies
  A bullfrog skeleton (D:5)
  3 orc priests
  3 iguanas
  5 orc wizards
  A killer bee zombie (D:7)
  7 gnolls (D:3)
  6 adders
  A white imp (D:6)
  An ufetubus (D:5)
  2 adder skeletons (D:5)
  5 worms
  2 dart slugs (D:1)
  19 orcs
  2 endoplasms (D:1)
  5 giant cockroaches
  10 goblins
  9 hobgoblins
  9 jackals
  5 quokkas
  8 ball pythons
  10 bats
  2 frilled lizards (D:3)
  14 kobolds
  7 rats
193 creatures vanquished.

Vanquished Creatures (others)
  2 gnolls (D:9)
  19 plants
21 creatures vanquished.

Grand Total: 214 creatures vanquished

Notes
Turn   | Place    | Note
-------+----------+-------------------------------------------
     0 | D:1      | mandarbmax the Merfolk Transmuter began the quest for the
                  | Orb.
     0 | D:1      | Reached XP level 1. HP: 15/15 MP: 3/3
    46 | D:1      | Reached XP level 2. HP: 14/21 MP: 0/5
   127 | D:1      | Learned a level 2 spell: Wereblood
   605 | D:1      | Reached XP level 3. HP: 26/26 MP: 4/6
  1282 | D:1      | Learned a level 3 spell: Spider Form
  1389 | D:1      | Reached skill level 5 in Unarmed Combat
  1475 | D:2      | Reached XP level 4. HP: 32/32 MP: 5/7
  2707 | D:2      | Found a blossoming altar of Fedhas.
  3027 | D:3      | Reached XP level 5. HP: 27/37 MP: 5/8
  3327 | D:3      | Found a radiant altar of Vehumet.
  3590 | D:3      | Found a faded altar of an unknown god.
  3606 | D:3      | Reached XP level 6. HP: 43/43 MP: 4/9
  3674 | D:3      | Reached skill level 5 in Dodging
  4718 | D:4      | Found a staircase to the Ecumenical Temple.
  4728 | Temple   | Entered the Ecumenical Temple
  4774 | Temple   | Became a worshipper of Cheibriados the Contemplative
  5205 | D:4      | Reached XP level 7. HP: 37/50 MP: 7/10
  5348 | D:4      | Found a bloodstained altar of Trog.
  5357 | D:4      | Found an ornate altar of the Wu Jian Council.
  5433 | D:4      | Found a glowing golden altar of the Shining One.
  5455 | D:4      | Found an opulent altar of Gozag.
  5628 | D:4      | Found a shadowy altar of Dithmenos.
  5818 | D:4      | Noticed Menkaure
  5822 | D:4      | Killed Menkaure
  5852 | D:5      | Entered Level 5 of the Dungeon
  6051 | D:4      | Reached skill level 5 in Transmutations
  6309 | D:4      | Learned a level 4 spell: Ice Form
  6323 | D:5      | Reached skill level 1 in Poison Magic
  6323 | D:5      | Reached XP level 8. HP: 48/56 MP: 6/11
  6505 | D:5      | Reached * piety under Cheibriados
  6737 | D:5      | Found an iron altar of Okawaru.
  7217 | D:6      | Found a hide-covered altar of Uskayaw.
  7405 | D:6      | Learned a level 1 spell: Animate Skeleton
  7749 | D:7      | Found Jaythi Luci's Magic Scroll Emporium.
  7755 | D:7      | Bought a scroll of identify for 30 gold pieces
  7755 | D:7      | Bought a scroll of identify for 30 gold pieces
  7755 | D:7      | Bought a scroll of identify for 30 gold pieces
  7755 | D:7      | Bought a scroll of immolation for 52 gold pieces
  7864 | D:7      | Reached XP level 9. HP: 29/61 MP: 9/12
  8172 | D:7      | Identified the +2 ring mail of the Beggar {Str+4}
  8295 | D:7      | Noticed Joseph
  8324 | D:7      | Killed Joseph
  8785 | D:7      | You fall into a shaft and drop 1 floor!
  8876 | D:8      | Reached skill level 5 in Fighting
  8949 | D:8      | Found a sparkling altar of Nemelex Xobeh.
  8987 | D:8      | Found an ancient bone altar of Kikubaaqudgha.
  9435 | D:7      | Reached ** piety under Cheibriados
  9494 | D:7      | Found a runed translucent door.
  9495 | D:7      | Noticed Crazy Yiuf
 10336 | D:8      | Noticed a troll
 10340 | D:8      | Noticed a black mamba
 10340 | D:8      | a troll changed into a black mamba
 10346 | D:8      | Killed a black mamba
 10482 | D:8      | Reached XP level 10. HP: 64/77 MP: 7/13
 10556 | D:8      | Noticed a two-headed ogre
 10568 | D:8      | Killed a two-headed ogre
 10589 | D:8      | Paralysed by an orc for 6 turns
 10609 | D:8      | Reached *** piety under Cheibriados
 10613 | D:8      | Found a staircase to the Lair.
 11416 | D:9      | Noticed Psyche
 11748 | D:8      | Killed Psyche
 11838 | D:9      | Killed from afar by an electric eel

Illustrated notes

Levels and vault maps discovered:
D:1:      amcnicky_arrival_gap_in_the_tavern_cellar, layout_loops_cross
D:2:      layout_rooms, basic_altar, serial_bayou, serial_bayou_ford_a,
          serial_bayou_crossing, serial_bayou_lagoon_b, serial_bayou_pond_c,
          grunt_ministairs_8, minmay_diced_spiral
D:3:      wander_river, layout_basic, vehumet_altar_wand_db,
          ebering_ecumenical_altar_mist, serial_aquarium, aquarium_bridge_square
          [aquarium_subvault_wall, aquarium_subvault_bridge,
          aquarium_subvault_bridge, aquarium_subvault_bridge],
          aquarium_window_corridor_1, aquarium_window_fake, aquarium_window_2,
          aquarium_view_2d, aquarium_view_2c, kennysheep_pointless_box
D:4:      layout_rooms, lemuel_coloured_pillars_altar,
          nicolae_overflow_crystal_walls, amcnicky_altar_gilded,
          grunt_temple_overflow_open, minmay_temple_entry_arrows, uniq_menkaure
D:5:      cheibrodos_quashed, layout_rooms, kennysheep_mini_moat
D:6:      layout_cave_pools, general_overflow_altar
D:7:      layout_basic, serial_shops, shop_fountains, uniq_crazy_yiuf_cottage,
          uniq_joseph
D:8:      layout_basic, lemuel_crystal_altar, overflow_temple_1_default,
          erik_lair_island, roderic_lattice_a
D:9:      minmay_goldmine, layout_rooms, gammafunk_ghost_split,
          chequers_big_river, kennysheep_windowed_goal, uniq_psyche
Temple:   compressed_dpeg_triangle_lava_temple

Skill      XL: |  1  2  3  4  5  6  7  8  9 10 |
---------------+-------------------------------+-----
Dodging        | 3 4 6 7 8 9 |  9.9
Unarmed Combat | 4 5 6 8 9 |  9.9
Transmutations | 4 5 8 9 |  9.0
Fighting       | 2 6 7 |  7.8
Poison Magic   | 1 4 |  4.0
Spellcasting   | |  2.0

Action                   |  1- 3 |  4- 6 |  7- 9 | 10-12 || total
-------------------------+-------+-------+-------+-------++-------
Melee: Unarmed           |   143 |   169 |   235 |    66 ||   613
       Headbutt          |    25 |     6 |       |       ||    31
       Punch             |     4 |       |       |     1 ||     5
       Tailslap          |       |       |       |     2 ||     2
 Cast: Beastly Appendage |    22 |    21 |     3 |     1 ||    47
       Wereblood         |    12 |    20 |    14 |     5 ||    51
       Spider Form       |       |     9 |    28 |     2 ||    39
       Ice Form          |       |       |     4 |     7 ||    11
Invok: Bend Time         |       |       |     1 |       ||     1
 Abil: End Transformatio |       |       |       |     1 ||     1
Evoke: Wand              |       |       |     9 |     5 ||    14
  Use: Potion            |       |     2 |     2 |       ||     4
       Scroll            |       |     2 |     9 |       ||    11
 Stab: Sleeping          |     2 |       |     1 |       ||     3
Armor: Robe              |    17 |    16 |     1 |     3 ||    37
       Skin              |       |     1 |    12 |     3 ||    16
Dodge: Dodged            |    99 |   128 |   211 |    53 ||   491
Block: Other             |       |       |    37 |     5 ||    42
       Reflection        |       |       |     1 |     1 ||     2

Table legend: (Time is in decaauts)
 A = Elapsed time spent in this place.
 B = Non-inter-level travel time spent in this place.
 C = Inter-level travel time spent in this place.
 D = Time resting spent in this place.
 E = Time spent auto-exploring this place.
 F = Levels seen in this place.
 G = Mean time per level.
                   A        B        C        D        E       F      G
               +--------+--------+--------+--------+--------+-----+--------+
         Total |  13058 |  12634 |    424 |   3225 |   8017 |  10 | 1305.8 |
       Dungeon |  12992 |  12586 |    406 |   3225 |   7975 |   9 | 1443.6 |
        Temple |     65 |     47 |     18 |      0 |     42 |   1 |   65.0 |
               +--------+--------+--------+--------+--------+-----+--------+

Top non-repeatable levels by time:
     D:8: 2805 daAuts
     D:7: 2251 daAuts
     D:3: 1801 daAuts
     D:1: 1655 daAuts
     D:4: 1630 daAuts
     D:2: 1148 daAuts
     D:5: 892 daAuts
     D:6: 776 daAuts
  Temple: 65 daAuts
     D:9: 32 daAuts
